 Dungeon Crawl Stone Soup version 0.17.0-24-gcfadda4 (webtiles) character file.

105 lucasterio the Magician (level 4, -3/24 HPs)
             Began as a Deep Elf Ice Elementalist on Nov 16, 2015.
             Slain by a hound (4 damage)
             ... on level 4 of the Dungeon.
             The game lasted 00:14:33 (2276 turns).

lucasterio the Magician (Deep Elf Ice Elementalist) Turns: 2276, Time: 00:14:33

Health: -3/24      AC:  3    Str:  5    XL:     4   Next: 54%
Magic:  12/12      EV: 13    Int: 21    God:
Gold:   214        SH:  0    Dex: 15    Spells: 3 memorised, 6 levels left

rFire  . . .     SeeInvis .     u - -1 dagger (curse)
rCold  . . .     Clarity  .     a - +0 robe
rNeg   . . .     SustAt   .     (no shield)
rPois  .         Gourm    .     (no helmet)
rElec  .         Spirit   .     (no cloak)
rCorr  .         Warding  .     (no gloves)
rMut   .         Stasis   .     i - +0 pair of boots
MR     .....                    (no amulet)
Stlth  ++........               (no ring)
                                (no ring)

@: not resistant to hostile enchantments, unstealthy
A: no striking features
a: no special abilities


You were on level 4 of the Dungeon.
You were not hungry.

You visited 1 branch of the dungeon, and saw 4 of its levels.

You collected 214 gold pieces.

Inventory:

Hand Weapons
 f - a +0 dagger
 g - a +1 dagger of speed
 o - a +0 short sword
 s - a cursed -1 whip
 u - a cursed -1 dagger (weapon)
Armour
 a - a +0 robe (worn)
 i - a +0 pair of boots (worn)
Jewellery
 j - an uncursed ring of protection from cold {unknown}
 z - a cursed ring of loudness
Wands
 D - a wand of disintegration (16)
Scrolls
 d - a scroll of random uselessness
 e - a scroll of blinking {unknown}
 h - 2 scrolls of teleportation {unknown}
 m - 2 scrolls of remove curse {unknown}
 n - 2 scrolls of identify
 r - a scroll of enchant weapon {unknown}
 v - a scroll of recharging {unknown}
 y - 2 scrolls of fear {unknown}
 A - a scroll of magic mapping {unknown}
 C - a scroll of noise {unknown}
Potions
 k - a potion of brilliance {unknown}
 p - a potion of heal wounds {unknown}
 t - a potion of curing {unknown}
 w - a potion of resistance {unknown}
 x - 2 potions of might {unknown}
Books
 b - a book of Frost

   Spells                             Type                      Level
   a - Freeze                         Ice                          1
   b - Throw Frost                    Conjuration/Ice              2
   c - Ozocubu's Armour               Charms/Ice                   3
   d - Throw Icicle                   Conjuration/Ice              4
   e - Summon Ice Beast               Ice/Summoning                4
   f - Condensation Shield            Ice                          4
Comestibles
 c - 2 bread rations
 l - 3 meat rations
 q - 2 slices of pizza
 B - a royal jelly
 E - a chunk of flesh


   Skills:
 - Level 2.6 Dodging
 - Level 2.6 Stealth
 * Level 4.6 Spellcasting
 + Level 1.9 Conjurations
 * Level 4.5 Ice Magic


You had 6 spell levels left.
You knew the following spells:

 Your Spells              Type           Power        Failure   Level  Hunger
a - Freeze                Ice            ###.         1%          1    None
b - Throw Frost           Conj/Ice       ###...       6%          2    #......
c - Ozocubu's Armour      Chrm/Ice       ##......     17%         3    ##.....


Dungeon Overview and Level Annotations

Branches:
Dungeon (4/15)             Temple (0/1) D:4

Altars:
Xom


Message History

The hound is lightly wounded.
The hound bites you.
* * * LOW HITPOINT WARNING * * *
The hound barely misses you.
You hit the hound but do no damage.
The hound is lightly wounded.
The hound misses you.
You hit the hound.
The hound is lightly wounded.
The hound bites you.
* * * LOW HITPOINT WARNING * * *
The hound bites you.
* * * LOW HITPOINT WARNING * * *
You barely miss the hound.
The hound is lightly wounded.
The hound closely misses you.
You hit the hound.
The hound is moderately wounded.
The hound bites you.
You die...

.##... .......#.. .......
..........##### #
.....≈≈≈≈≈$........[... ..
...≈≈≈≈≈≈≈≈≈........$ ...
.≈≈≈≈≈≈≈≈≈≈≈≈≈..#.. .....
≈≈≈≈≈≈(..≈≈≈≈≈≈..# ......
≈≈≈≈≈≈.>.≈≈≈≈≈≈..###......
≈≈≈≈≈≈...≈≈≈≈≈≈...........
≈≈≈≈≈≈≈≈≈≈≈≈≈≈≈h@..(......
.≈≈≈≈≈≈≈≈≈≈≈≈≈.......##...
...≈≈≈≈≈≈≈≈≈.........# #
.....≈≈≈≈≈...........#
.....................#
........###..........#
........# #..........#
........# ############
.......##


You could see a hound.

Vanquished Creatures
  A crimson imp (D:4)
  2 adders (D:3)
  2 worms
  A giant gecko (D:2)
  A ball python (D:4)
  6 bats
  8 goblins
  7 hobgoblins
  3 kobolds
  5 giant cockroaches
  7 giant newts
  5 rats
48 creatures vanquished.

Notes
Turn   | Place    | Note
--------------------------------------------------------------
     0 | D:1      | lucasterio the Deep Elf Ice Elementalist began the quest for the Orb.
     0 | D:1      | Reached XP level 1. HP: 10/10 MP: 6/6
   164 | D:1      | Reached XP level 2. HP: 15/15 MP: 1/8
   758 | D:2      | Learned a level 2 spell: Throw Frost
   760 | D:2      | Reached XP level 3. HP: 19/19 MP: 2/10
   776 | D:2      | Reached skill level 4 in Ice Magic
  1164 | D:2      | Found a shimmering altar of Xom.
  1279 | D:3      | Learned a level 3 spell: Ozocubu's Armour
  1960 | D:3      | Reached XP level 4. HP: 24/24 MP: 2/12
  2147 | D:4      | Found a staircase to the Ecumenical Temple.
  2274 | D:4      | HP: 1/24 [hound (2)]
  2276 | D:4      | Slain by a hound

Action                   |  1- 3 |  4- 6 || total
-------------------------+-------+-------++-------
Melee: Whip              |     4 |       ||     4
       Dagger            |       |     8 ||     8
 Cast: Freeze            |    54 |     3 ||    57
       Throw Frost       |    20 |     5 ||    25
  Use: Scroll            |     1 |     1 ||     2
 Stab: Sleeping          |     1 |       ||     1
  Eat: Chunk             |     3 |     1 ||     4
